 Dungeon Crawl Stone Soup version 0.27.0-1-g7a089689b8 (webtiles) character file.

Game seed: 6240928762489358712

1085 AlmostDecent the Cleaver (level 8, -3/62 HPs)
             Began as a Formicid Fighter on Aug 4, 2021.
             Was a Follower of Okawaru.
             Slain by a troll (10 damage)
             ... on level 5 of the Dungeon.
             The game lasted 00:14:03 (4301 turns).

AlmostDecent the Cleaver (Formicid Fighter)         Turns: 4301, Time: 00:14:04

Health: -3/62      AC:  8    Str: 22    XL:     8   Next: 55%
Magic:  8/8        EV:  8    Int:  7    God:    Okawaru [*.....]
Gold:   158        SH:  9    Dex: 12    Spells: 7/7 levels left

rFire    . . .     SeeInvis +   a - +0 war axe
rCold    . . .     Faith    .   c - +0 kite shield
rNeg     . . .     Spirit   .   b - +0 scale mail
rPois    +         Reflect  .   (helmet unavailable)
rElec    .         Harm     .   (no cloak)
rCorr    .         Rampage  .   s - +0 pair of gloves
Will     .....                  (no boots)
Stlth    ..........             (no amulet)
HPRegen  0.20/turn              j - ring of poison resistance
MPRegen  0.11/turn              (no ring)

@: mighty
A: permanent stasis, dig shafts and tunnels, antennae 3, four strong arms
a: Dig, Shaft Self, Renounce Religion, Heroism


You were on level 5 of the Dungeon.
You worshipped Okawaru.
Okawaru was aware of your devotion.
You visited 2 branches of the dungeon, and saw 6 of its levels.

You collected 158 gold pieces.

Inventory:

Hand Weapons
 a - a +0 war axe (weapon)
 t - the +5 mace of the Shore {drain, *Rage +Rage rC++ SInv}
   (You found it on level 4 of the Dungeon)

   A truly terrible weapon, it drains the life of any living foe it strikes.
   rC:        It greatly protects you from cold.
   SInv:      It lets you see invisible.
   +Rage:     It lets you go berserk.
   *Rage:     It may make you go berserk in combat.
Armour
 b - a +0 scale mail (worn)
 c - a +0 kite shield (worn)
 s - a +0 pair of gloves (worn)
Jewellery
 j - a ring of poison resistance (left hand)
Scrolls
 e - 2 scrolls of identify {unknown}
 f - a scroll of teleportation {unknown}
 h - 2 scrolls of enchant armour {unknown}
 o - a scroll of amnesia {unknown}
 p - a scroll of immolation {unknown}
 q - a scroll of blinking {unknown}
 r - 2 scrolls of acquirement {unknown}
Potions
 d - a potion of might
 g - 2 potions of magic {unknown}
 i - a potion of ambrosia {unknown}
 k - a potion of haste {unknown}
 l - 2 potions of attraction {unknown}
 m - a potion of brilliance {unknown}
 n - a potion of curing {unknown}
 u - a potion of berserk rage {unknown}


   Skills:
 + Level 5.0 Fighting
 * Level 9.0 Axes
 - Level 3.2 Armour
 + Level 1.6 Stealth
 - Level 3.6 Shields


You had 7 spell levels left.
You didn't know any spells.
Your spell library contained the following spells:

 Spells                   Type           Power      Damage    Failure   Level
 Pain                     Necr           0%         1d4       98%         1
 Agony                    Necr           0%         N/A       100%        5
 Excruciating Wounds      Necr           0%         N/A       100%        5


Dungeon Overview and Level Annotations

Branches:
Dungeon (5/15)             Temple (1/1) D:4

Altars:
Cheibriados
Dithmenos
Elyvilon
Fedhas
Makhleb
Okawaru
Trog
Wu Jian
Yredelemnul
The Shining One

Shops:
D:3 ?


Innate Abilities, Weirdness & Mutations

You cannot be hasted, slowed, berserked, paralysed or teleported.
You can dig through walls and to a lower floor.
You have a pair of large antennae on your head. (SInv)
Your four strong arms can wield two-handed weapons with a shield.


Message History

The two-headed ogre shouts in stereo!
The two-headed ogre moves out of view.
No target in view!
A two-headed ogre is nearby!
A troll comes into view.
You feel very mighty all of a sudden.
The troll shouts!
You slash the two-headed ogre!
The two-headed ogre is moderately wounded.
You block the two-headed ogre's attack.
The two-headed ogre hits you with a +0 giant spiked club.
A white imp comes into view.
The white imp shouts, "Accept thy doom, thou churlish two-tin-hat joithead!"
You slash the two-headed ogre!
The two-headed ogre is heavily wounded.
The two-headed ogre hits you with a +0 giant club!
The two-headed ogre barely misses you.
You slice the two-headed ogre!!
The two-headed ogre is almost dead.
The two-headed ogre hits you with a +0 giant club!!
Ouch! That really hurt!
* * * LOW HITPOINT WARNING * * *
The two-headed ogre hits you with a +0 giant spiked club.
* * * LOW HITPOINT WARNING * * *
You slash the two-headed ogre!
You kill the two-headed ogre!
Okawaru is honoured by your kill.
You can now gain great but temporary skills.
Your Fighting skill increases to level 5!
Your Axes skill gained 3 levels and is now at level 9!
You have reached level 8!
You feel stronger.
You slice the troll!!
The troll is heavily wounded.
The white imp gestures at you. The puff of frost hits you.
* * * LOW HITPOINT WARNING * * *
The troll bites you but does no damage. The troll closely misses you.
The troll claws you!
You die...

#.....##...## #..#####.## ##.##
# ##..####..## ##.#.##..###
#..### _#### ##..#
#..##...#.###†.... ## ##...##
##.....##.##...#.. # #.....#
###......##.#..#.#..
.....#...###.......###...####..
...##.#...#..............###...
..# #.....................##...
.# ##........@...........#....
#..##.....T...............# #.#
#..#.......#........... #..
#...#5......##..........
###............####....#....
##........#..# #....<....
#.........#...#........#..
...##...............#..##..
#... ......... ......#..##..


You could see a troll and a white imp.

Vanquished Creatures
  A two-headed ogre (D:5)
  A scorpion (D:4)
  The ghost of DocClef the Covert, a weakling GnDe (D:4)
  2 hounds
  Crazy Yiuf (D:4)
  A bullfrog skeleton (D:5)
  An iguana (D:4)
  2 orc wizards (D:4)
  A howler monkey zombie (D:5)
  7 adders
  2 ufetubi
  2 dart slugs (D:2)
  4 orcs
  8 ball pythons
  2 bats
  16 endoplasms
  4 giant cockroaches
  6 goblins
  6 hobgoblins
  8 jackals
  3 kobolds
  4 quokkas
  3 frilled lizards
  A jackal skeleton (D:4)
  5 rats
92 creatures vanquished.

Notes
Turn   | Place    | Note
-------+----------+-------------------------------------------
     0 | D:1      | AlmostDecent the Formicid Fighter began the quest for the
                  | Orb.
     0 | D:1      | Reached XP level 1. HP: 18/18 MP: 1/1
    28 | D:1      | Reached XP level 2. HP: 17/24 MP: 2/2
   553 | D:1      | Found a faded altar of an unknown god.
   582 | D:1      | Reached XP level 3. HP: 30/30 MP: 3/3
  1220 | D:2      | Reached skill level 3 in Axes
  1515 | D:2      | Reached XP level 4. HP: 34/37 MP: 4/4
  2032 | D:3      | Found Sang's Magic Scroll Shoppe.
  2483 | D:3      | Found a blossoming altar of Fedhas.
  2505 | D:3      | Found an ornate altar of the Wu Jian Council.
  2600 | D:4      | Noticed a scorpion
  2614 | D:4      | Killed a scorpion
  2615 | D:4      | Reached skill level 4 in Axes
  2615 | D:4      | Reached XP level 5. HP: 20/42 MP: 5/5
  2866 | D:4      | Reached skill level 5 in Axes
  2875 | D:4      | Reached XP level 6. HP: 34/48 MP: 6/6
  3079 | D:4      | Found a staircase to the Ecumenical Temple.
  3098 | Temple   | Entered the Ecumenical Temple
  3123 | Temple   | Became a worshipper of Warmaster Okawaru
  3474 | D:4      | Found a runed translucent door.
  3475 | D:4      | Noticed Crazy Yiuf
  3481 | D:4      | Killed Crazy Yiuf
  3484 | D:4      | Identified the +5 mace of the Shore {drain, *Rage +Rage
                  | rC++ SInv}
  3486 | D:4      | Identified the +0 mace of the Equinox {vorpal, rPois Str-4
                  | Dex+5 Stlth+}
  3603 | D:4      | Found a runed translucent door.
  3605 | D:4      | Noticed DocClef's ghost (weakling GnDe)
  3610 | D:4      | Reached skill level 6 in Axes
  3615 | D:4      | Killed DocClef's ghost
  3616 | D:4      | Reached skill level 1 in Stealth
  3616 | D:4      | Reached XP level 7. HP: 52/55 MP: 7/7
  3808 | D:5      | Entered Level 5 of the Dungeon
  4107 | D:5      | Found a shadowy altar of Dithmenos.
  4107 | D:5      | Found a white marble altar of Elyvilon.
  4290 | D:5      | Noticed a two-headed ogre
  4295 | D:5      | Noticed a troll
  4300 | D:5      | Killed a two-headed ogre
  4300 | D:5      | Reached * piety under Okawaru
  4301 | D:5      | Reached skill level 5 in Fighting
  4301 | D:5      | Reached skill level 9 in Axes
  4301 | D:5      | Reached XP level 8. HP: 9/62 MP: 8/8
  4301 | D:5      | Slain by a troll

Illustrated notes

Levels and vault maps discovered:
D:1:      minmay_arrival_glassed_features, layout_basic,
          ebering_ecumenical_altar_mist, minmay_misc_feat_rugged, minivault_23
D:2:      layout_basic
D:3:      layout_loops_ring, mainiacjoe_overflow_swirl, serial_shops, shop,
          grunt_ministairs_1
D:4:      layout_basic, minmay_temple_entry_trees, ebering_ghost_sewer_d,
          mrwooster_statue_mirror, uniq_crazy_yiuf_cottage
D:5:      layout_layer_cave, grunt_temple_overflow_gold_and_silver,
          amethyst_overflow_temple_binary, guppyfry_early_orc_mine, uniq_edmund,
          uniq_ijyb
Temple:   nicolae_temple_hex_pool

Skill      XL: |  1  2  3  4  5  6  7 |
---------------+----------------------+-----
Axes           | 3 4 5 6 9 |  9.0
Fighting       | 4 5 |  5.0
Stealth        | 1 |  1.6
Armour         | |  3.2
Shields        | |  3.6

Action                   |  1- 3 |  4- 6 |  7- 9 || total
-------------------------+-------+-------+-------++-------
Melee: War axe           |    90 |   120 |    36 ||   246
  Use: Potion            |       |     2 |     1 ||     3
Armor: Scale mail        |    38 |    50 |    20 ||   108
Dodge: Dodged            |    28 |    42 |    10 ||    80
Block: Kite shield       |    49 |    59 |    19 ||   127
